 Dungeon Crawl Stone Soup version 0.30-a0-170-g85af917532 (webtiles) character file.

Game seed: 11510320796475461496

5538 qw the Cleaver (level 10, 0/64 HPs)
             Began as a Gargoyle Fighter on Sept 30, 2022.
             Was a Priest of Okawaru.
             Slain by a centaur warrior
             ... wielding a staff of death
              (3 damage)
             ... on level 8 of the Dungeon.
             The game lasted 00:02:43 (6414 turns).

qw the Cleaver (Gargoyle Fighter)                   Turns: 6414, Time: 00:02:44

Health: 0/64       AC: 27    Str: 23    XL:     10   Next: 71%
Magic:  11/13      EV:  8    Int: 10    God:    Okawaru [***...]
Gold:   394        SH:  6    Dex:  9    Spells: 9/9 levels left

rFire   . . .      SeeInvis .    j - +3 war axe (vamp)
rCold   . . .      Faith    .    c - +0 buckler
rNeg    + . .      Spirit   .    q - +0 plate armour
rPois   inf        Reflect  .    l - +0 helmet
rElec   +          Harm     .    d - +0 cloak
rCorr   .          Rampage  .    (no gloves)
Will    .....                    a - +0 pair of boots
Stlth   ..........               e - amulet of regeneration
HPRegen 1.00/turn                (no ring)
MPRegen 0.13/turn                (no ring)

@: about to teleport, heroic
A: sickness immunity, AC +7, negative energy resistance 1, electricity
resistance, torment resistance 1, petrification resistance
a: Renounce Religion, Heroism


You were on level 8 of the Dungeon.
You worshipped Okawaru.
Okawaru was most pleased with you.
You visited 2 branches of the dungeon, and saw 9 of its levels.
You also visited: Ossuary.

You collected 490 gold pieces.
You spent 96 gold pieces at shops.


Innate Abilities, Weirdness & Mutations

You are immune to sickness and miasma.
Your stone body is resilient. (AC +7)
You are immune to poison.
You resist negative energy. (rN+)
You are resistant to electric shocks. (rElec)
You are resistant to unholy torment.
You are immune to petrification.


   Skills:
 - Level 8.0(13.0) Fighting
 + Level 10.4(15.4) Axes
 - Level 1.4(6.4) Throwing
 - Level 7.2(12.2) Armour
 - Level 1.2(6.2) Dodging
 - Level 5.9(10.9) Shields
 - Level 4.0 Invocations


You had 9 spell levels left.
You didn't know any spells.
Your spell library was empty.

Inventory:

Hand Weapons
 j - a +3 vampiric war axe (weapon)
 n - a +0 morningstar
Missiles
 b - 13 boomerangs (quivered)
Armour
 a - a +0 pair of boots (worn)
 c - a +0 buckler (worn)
 d - a +0 cloak (worn)
 l - a +0 helmet (worn)
 q - a +0 plate armour (worn)
Jewellery
 e - an amulet of regeneration (around neck)
Scrolls
 f - 2 scrolls of teleportation
 m - a scroll of brand weapon
 o - 2 scrolls of identify
Potions
 g - 2 potions of attraction
 h - a potion of lignification {unknown}
 i - a potion of cancellation {unknown}
 k - a potion of curing
 p - a potion of might
 r - 3 potions of magic
 s - a potion of degeneration {unknown}

Dungeon Overview and Level Annotations

Branches:
Dungeon (8/15)             Temple (1/1) D:7         Ossuary (visited)
   Lair: D:8-11

Altars:
Cheibriados
Dithmenos
Elyvilon
Fedhas
Gozag
Hepliaklqana
Kikubaaqudgha
Nemelex Xobeh
Okawaru
Ru
Uskayaw
Vehumet
Wu Jian
Xom
Yredelemnul
Zin
The Shining One

Shops:
D:6 (

Annotations:
D:4 1 runed translucent door, Crazy Yiuf


Message History

Okawaru accepts your kill.
The centaur warrior shoots an arrow.
The arrow hits you! The arrow burns you.
The centaur warrior shoots an arrow.
The arrow hits you. The arrow burns you.
6407 ||| INVOKING Heroism.
You gain the combat prowess of a mighty hero.
The centaur warrior unwields a +2 shortbow of flaming.
It stops flaming.
The centaur warrior wields a staff of death.
The centaur warrior completely misses you.
The centaur warrior kicks you but does no damage.
The centaur warrior hits you but does no damage.
You writhe in agony.
The centaur warrior kicks you but does no damage.
You hit the centaur warrior.
The centaur warrior is lightly wounded.
The centaur warrior hits you but does no damage.
You writhe in agony.
You block the centaur warrior's attack.
You slash the centaur warrior!
The centaur warrior is moderately wounded.
The centaur warrior hits you but does no damage.
You writhe in agony.
The centaur warrior barely misses you.
You hit the centaur warrior but do no damage.
The centaur warrior is moderately wounded.
The centaur warrior hits you with a staff of death!
You writhe in agony.
The centaur warrior kicks you but does no damage.
6412 ||| READING 3 scrolls of teleportation.
As you read the scroll of teleportation, it crumbles to dust.
You feel strangely unstable.
The centaur warrior hits you but does no damage.
You writhe in agony.
You block the centaur warrior's attack.
You hit the centaur warrior but do no damage.
The centaur warrior is moderately wounded.
You block the centaur warrior's attack.
The centaur warrior kicks you but does no damage.
You closely miss the centaur warrior.
The centaur warrior is moderately wounded.
The centaur warrior hits you with a staff of death.
You writhe in agony.
You die...

...# #..# ...# #..#
...## ##..# ....#
#..## ....# #. #..#
#...# #. #..##
#..## ## .D##..#
...# ...#. #..#
...# ....#@.# ..##
##### .¤##c# ..#
####...####¤#.#
..###.........##¤.#
........#.#.....¤.#
...###....#########
.....##..##
.#......##
##......#


You could see a centaur warrior.

Vanquished Creatures
  Pikel (D:7)
  Maurice (D:8)
  A wyvern (D:8)
  7 yaks
  3 steam dragons
  A vampire mosquito (D:8)
  Edmund (D:5)
  3 water moccasins (D:8)
  3 orc warriors
  A sky beast (D:7)
  3 black bears
  4 ice beasts
  A centaur (D:8)
  4 lemures (D:7)
  5 bullfrogs
  A kobold brigand (D:8)
  An elf zombie (Ossuary)
  A necrophage (D:4)
  6 scorpions
  A howler monkey (D:7)
  2 human zombies (Ossuary)
  3 jellies
  2 orc priests
  3 hounds
  2 iguanas
  4 orc wizards
  A hound zombie (Ossuary)
  4 mummies (Ossuary)
  3 gnolls (D:6)
  9 adders
  A worm (D:2)
  4 dart slugs
  20 orcs
  3 bats
  12 endoplasms
  4 giant cockroaches
  6 goblins
  3 hobgoblins
  5 jackals
  4 quokkas
  3 ball pythons
  3 frilled lizards
  A goblin zombie (Ossuary)
  2 hobgoblin zombies (Ossuary)
  A jackal zombie (Ossuary)
  A kobold (D:3)
  2 kobold zombies (Ossuary)
  2 orc zombies (Ossuary)
  4 rats
163 creatures vanquished.

Vanquished Creatures (others)
  19 fungi (D:8)
  9 plants
28 creatures vanquished.

Grand Total: 191 creatures vanquished

Notes
Turn   | Place    | Note
-------+----------+-------------------------------------------
     0 | D:1      | qw the Gargoyle Fighter began the quest for the Orb.
     0 | D:1      | Reached XP level 1. HP: 14/14 MP: 1/1
     0 | D:1      | 0 ||| qw: Version: 0.2-a-12-gaebbb33
     0 | D:1      | 0 ||| qw: Game counter: 1474
     0 | D:1      | 0 ||| qw: Always use a shield: true
     0 | D:1      | 0 ||| qw: God list: Okawaru
     0 | D:1      | 0 ||| qw: Allow faded altars: false
     0 | D:1      | 0 ||| qw: Do Orc after D:15 true
     0 | D:1      | 0 ||| qw: Do second Lair branch before Depths: true
     0 | D:1      | 0 ||| qw: Lair rune preference: random
     0 | D:1      | 0 ||| qw: Plans: Normal, Zot:1-4, God:TSO, Crypt, Tomb,
                  | Pan, Slime:5, Hells, Abyss, Orb
     0 | D:1      | 0 ||| PLANNING D:1-11
    68 | D:1      | Reached skill level 2 in Axes
   326 | D:1      | Reached XP level 2. HP: 18/19 MP: 2/2
   652 | D:1      | 652 ||| DROPPING +0 club.
   688 | D:1      | Found a faded altar of an unknown god.
   918 | D:1      | Reached skill level 3 in Axes
  1127 | D:1      | Reached XP level 3. HP: 23/23 MP: 3/3
  1157 | D:1      | 1157 ||| UPGRADING to amulet of regeneration.
  1162 | D:1      | 1162 ||| READING scroll labelled YLIPSO QIFFYR.
  1165 | D:1      | 1165 ||| READING scroll labelled IXOEGOKL COSUT.
  1190 | D:2      | 1190 ||| Stepping ~*~*~tactically~*~*~ (stealth).
  1519 | D:2      | 1519 ||| Stepping ~*~*~tactically~*~*~ (hiding).
  1690 | D:2      | 1690 ||| UPGRADING to +0 helmet.
  1695 | D:2      | 1695 ||| READING scroll labelled EKHOOMM SYUWNI.
  1696 | D:2      | 1696 ||| READING scroll labelled RIMARH TOHIG.
  1697 | D:2      | 1697 ||| READING scroll labelled IFATTE JUFE.
  1816 | D:3      | 1816 ||| STAIRDANCE
  1834 | D:3      | Reached XP level 4. HP: 28/28 MP: 4/4
  1912 | D:3      | Noticed an ice beast
  1931 | D:3      | Killed an ice beast
  1932 | D:3      | Reached skill level 4 in Axes
  1932 | D:3      | Reached XP level 5. HP: 32/32 MP: 5/5
  2012 | D:3      | Reached skill level 5 in Axes
  2430 | D:3      | 2430 ||| UPGRADING to +0 chain mail.
  2440 | D:3      | 2440 ||| DROPPING +0 scale mail.
  2441 | D:3      | 2441 ||| READING scroll labelled UMNALE VEUROIN.
  2442 | D:3      | 2442 ||| READING scroll labelled OHEOFA UCSA.
  2443 | D:3      | 2443 ||| READING scroll labelled REUMAO VAURR.
  2475 | D:4      | 2475 ||| STAIRDANCE
  2478 | D:3      | Reached skill level 1 in Throwing
  2483 | D:3      | Reached XP level 6. HP: 38/38 MP: 6/6
  2631 | D:4      | 2631 ||| READING scroll of enchant weapon.
  2631 | D:4      | 2631 ||| ENCHANTING +1 war axe.
  2681 | D:4      | Noticed a black bear
  2683 | D:4      | 2683 ||| Stepping ~*~*~tactically~*~*~ (stealth).
  2690 | D:4      | Killed a black bear
  2712 | D:4      | Reached XP level 7. HP: 43/43 MP: 7/7
  2743 | D:4      | Reached skill level 6 in Axes
  2763 | D:4      | Reached skill level 1 in Dodging
  2780 | D:4      | Found a blossoming altar of Fedhas.
  2813 | D:4      | Found a runed translucent door.
  2814 | D:4      | Noticed Crazy Yiuf
  2931 | D:4      | 2931 ||| READING scroll labelled VATELOMOERO.
  2948 | D:5      | Entered Level 5 of the Dungeon
  3080 | D:5      | Noticed Edmund
  3094 | D:5      | HP: 9/43 [Edmund/+2 flail of draining (5)]
  3095 | D:5      | 3095 ||| READING 3 scrolls of teleportation.
  3095 | D:5      | HP: 2/43 [constriction (6)]
  3099 | D:5      | 3099 ||| READING 2 scrolls of teleportation.
  3150 | D:5      | 3150 ||| Stepping ~*~*~tactically~*~*~ (stealth).
  3379 | D:5      | Reached skill level 7 in Axes
  3580 | D:5      | Killed Edmund
  3581 | D:5      | Reached XP level 8. HP: 22/49 MP: 8/8
  3611 | D:5      | 3611 ||| DROPPING +0 mace.
  3657 | D:5      | 3657 ||| Stepping ~*~*~tactically~*~*~ (hiding).
  3834 | D:5      | 3834 ||| UPGRADING to +0 pair of boots.
  3839 | D:5      | 3839 ||| READING scroll labelled DEPEAL GAOBLA.
  3840 | D:5      | 3840 ||| READING scroll labelled PIWALO ANUOPN.
  3850 | D:5      | 3850 ||| DRINKING 2 blue potions.
  3872 | D:6      | Found Itustr Rely's Antique Weapon Boutique.
  3887 | D:6      | 3887 ||| BUYING morningstar (96 gold).
  3887 | D:6      | Bought a morningstar for 96 gold pieces
  3887 | D:6      | 3887 ||| DROPPING +2 flail of draining.
  4196 | D:6      | HP: 11/49 [steam dragon/ball of steam (16)]
  4197 | D:6      | 4197 ||| READING scroll of teleportation.
  4200 | D:6      | Reached skill level 8 in Axes
  4202 | D:6      | HP: 12/49 [hound (4)]
  4272 | D:6      | Reached skill level 6 in Fighting
  4557 | D:6      | 4557 ||| UPGRADING to +0 plate armour.
  4567 | D:6      | 4567 ||| DROPPING +0 chain mail.
  4568 | D:6      | 4568 ||| READING 2 scrolls labelled FARIMO DUSAFISK.
  4569 | D:6      | 4569 ||| DROPPING scroll of magic mapping.
  4602 | D:7      | Found a glowing silver altar of Zin.
  4612 | D:7      | 4612 ||| Stepping ~*~*~tactically~*~*~ (stealth).
  4613 | D:7      | 4613 ||| Stepping ~*~*~tactically~*~*~ (stealth).
  4660 | D:7      | 4660 ||| READING scroll of enchant weapon.
  4660 | D:7      | 4660 ||| ENCHANTING +2 vampiric war axe.
  4661 | D:7      | Found an ornate altar of the Wu Jian Council.
  4723 | D:7      | Found a staircase to the Ecumenical Temple.
  4724 | D:7      | 4724 ||| PLANNING TEMPLE
  4734 | D:7      | Reached XP level 9. HP: 55/55 MP: 9/9
  4748 | Temple   | Entered the Ecumenical Temple
  4839 | Temple   | 4839 ||| PLANNING OKAWARU WORSHIP
  4983 | Temple   | Became a worshipper of Warmaster Okawaru
  4984 | Temple   | 4984 ||| PLANNING D:1-11
  5019 | D:7      | 5019 ||| Stepping ~*~*~tactically~*~*~ (water).
  5062 | D:7      | 5062 ||| Stepping ~*~*~tactically~*~*~ (stealth).
  5067 | D:7      | Reached skill level 9 in Axes
  5067 | D:7      | 5067 ||| Stepping ~*~*~tactically~*~*~ (stealth).
  5114 | D:7      | 5114 ||| Stepping ~*~*~tactically~*~*~ (stealth).
  5124 | D:7      | 5124 ||| Stepping ~*~*~tactically~*~*~ (hiding).
  5126 | D:7      | 5126 ||| Stepping ~*~*~tactically~*~*~ (hiding).
  5128 | D:7      | 5128 ||| Stepping ~*~*~tactically~*~*~ (hiding).
  5137 | D:7      | 5137 ||| Stepping ~*~*~tactically~*~*~ (stealth).
  5299 | D:7      | 5299 ||| Stepping ~*~*~tactically~*~*~ (stealth).
  5328 | D:7      | Noticed Pikel
  5329 | D:7      | 5329 ||| Stepping ~*~*~tactically~*~*~ (stealth).
  5330 | D:7      | 5330 ||| Stepping ~*~*~tactically~*~*~ (stealth).
  5337 | D:7      | Killed Pikel
  5372 | D:7      | Found a glowing golden altar of the Shining One.
  5670 | D:7      | 5670 ||| DRINKING 2 fuming red potions.
  5680 | D:8      | 5680 ||| PLANNING OSSUARY
  5680 | D:8      | 5680 ||| STAIRDANCE
  5688 | D:7      | Reached * piety under Okawaru
  5689 | D:7      | Reached skill level 6 in Armour
  5704 | D:8      | Reached skill level 1 in Invocations
  5765 | D:8      | Noticed Maurice
  5766 | D:8      | 5766 ||| Stepping ~*~*~tactically~*~*~ (hiding).
  5768 | D:8      | 5768 ||| Stepping ~*~*~tactically~*~*~ (hiding).
  5781 | D:8      | 5781 ||| Stepping ~*~*~tactically~*~*~ (hiding).
  5796 | D:8      | Killed Maurice
  5796 | D:8      | Reached ** piety under Okawaru
  5797 | D:8      | Reached skill level 3 in Invocations
  5797 | D:8      | Reached XP level 10. HP: 60/63 MP: 12/12
  5818 | D:8      | 5818 ||| INVOKING Heroism.
  5834 | D:8      | 5834 ||| INVOKING Heroism.
  5878 | D:8      | 5878 ||| Stepping ~*~*~tactically~*~*~ (hiding).
  5880 | D:8      | 5880 ||| INVOKING Heroism.
  5945 | D:8      | Found a sand-covered staircase.
  5946 | D:8      | 5946 ||| UPGRADING to +0 cloak.
  5951 | D:8      | 5951 ||| DRINKING 2 sedimented dark potions.
  5952 | D:8      | 5952 ||| DRINKING 2 bubbling orange potions.
  5953 | D:8      | 5953 ||| DROPPING potion of flight.
  5958 | Ossuary  | Entered an ossuary
  5959 | Ossuary  | 5959 ||| INVOKING Heroism.
  6128 | Ossuary  | 6128 ||| READING scroll labelled TUGOSTROTUIM.
  6144 | D:8      | 6144 ||| PLANNING D:1-11
  6165 | D:8      | 6165 ||| INVOKING Heroism.
  6178 | D:8      | Reached skill level 10 in Axes
  6258 | D:8      | 6258 ||| Stepping ~*~*~tactically~*~*~ (stealth).
  6313 | D:8      | 6313 ||| INVOKING Heroism.
  6340 | D:8      | 6340 ||| Stepping ~*~*~tactically~*~*~ (hiding).
  6346 | D:8      | Reached *** piety under Okawaru
  6373 | D:8      | 6373 ||| Stepping ~*~*~tactically~*~*~ (cloud).
  6379 | D:8      | 6379 ||| INVOKING Heroism.
  6404 | D:8      | Noticed a centaur warrior
  6407 | D:8      | 6407 ||| INVOKING Heroism.
  6411 | D:8      | HP: 10/64 [centaur warrior/staff of death (9)]
  6412 | D:8      | 6412 ||| READING 3 scrolls of teleportation.
  6414 | D:8      | HP: 3/64 [centaur warrior/staff of death (5)]
  6414 | D:8      | Slain by a centaur warrior

Levels and vault maps discovered:
D:1:      dpeg_arrival_lava_temple_mockup, layout_basic,
          ebering_ecumenical_altar_petrified, bh_walls_and_bars
D:2:      layout_rooms
D:3:      layout_rooms, serial_bayou_lake_a
D:4:      layout_basic, kennysheep_little_box, uniq_crazy_yiuf_cottage
D:5:      layout_loops_corners, uniq_edmund
D:6:      layout_basic, serial_rivers, chequers_serial_rivers_micro_b,
          chequers_serial_rivers_room_a, chequers_serial_rivers_small_a,
          chequers_serial_rivers_micro_a, chequers_serial_rivers_micro_d,
          serial_shops, nicolae_stop_n_shop_1, mumra_transporter_accident
D:7:      layout_basic, kennysheep_mini_moat, grunt_temple_overflow_open,
          minmay_temple_entry_mist, uniq_pikel
D:8:      kennysheep_steamy, layout_cave_pools, grunt_lair_entry_orc_guard_hut,
          enter_ossuary_5, minmay_pinched_square, uniq_maurice
Temple:   nicolae_temple_figure_eight

Skill      XL: |  1  2  3  4  5  6  7  8  9 10 |
---------------+-------------------------------+-----
Axes           | 2 3 4 5 7 8 9 10 | 10.4
Throwing       | 1 |  1.4
Fighting       | 4 5 6 7 8 |  8.0
Dodging        | 1 |  1.2
Armour         | 5 6 7 |  7.2
Shields        | 5 |  5.9
Invocations    | 3 4 |  4.0

Action                   |  1- 3 |  4- 6 |  7- 9 | 10-12 || total
-------------------------+-------+-------+-------+-------++-------
Melee: War axe           |    99 |    92 |   286 |   132 ||   609
Throw: Boomerang         |       |     9 |    41 |    24 ||    74
Invok: Heroism           |       |       |       |     8 ||     8
  Use: Scroll            |     5 |     4 |     8 |     2 ||    19
       Potion            |       |       |     2 |     2 ||     4
Armor: Scale mail        |    49 |    34 |       |       ||    83
       Chain mail        |       |    27 |   104 |       ||   131
       Plate armour      |       |       |    77 |   109 ||   186
Dodge: Dodged            |    32 |    36 |    94 |    34 ||   196
Block: Buckler           |     9 |    15 |    43 |    36 ||   103

Table legend:
 A = Non-vault XP
 B = Vault XP
 C = Vault XP percentage of total XP
 D = Non-vault monster count
 E = Vault monster count
 F = Vault count percentage of total count
                 A         B        C        D         E       F
            +---------+---------+-------+---------+---------+-------
      Total |    4835 |    3077 |  38.9 |     127 |      32 |  20.1
            +---------+---------+-------+---------+---------+-------
        D:1 |      37 |       0 |   0.0 |      20 |       0 |   0.0
        D:2 |      35 |       0 |   0.0 |      16 |       0 |   0.0
        D:3 |     266 |       0 |   0.0 |      16 |       0 |   0.0
        D:4 |     382 |       0 |   0.0 |      15 |       0 |   0.0
        D:5 |     433 |     162 |  27.2 |       9 |       1 |  10.0
        D:6 |     859 |       0 |   0.0 |      14 |       0 |   0.0
        D:7 |     929 |     593 |  39.0 |      18 |       1 |   5.3
        D:8 |    1894 |    2042 |  51.9 |      19 |      14 |  42.4
    Ossuary |       0 |     280 | 100.0 |       0 |      16 | 100.0
            +---------+---------+-------+---------+---------+-------
